 Dungeon Crawl Stone Soup version 0.31-a0-185-g9dded2c639 (webtiles) character file.

Game seed: 7992559668858391395

7 qw the Shooter (level 1, -2/12 HPs)
             Began as a Deep Elf Hunter on June 22, 2023.
             Slain by Sigmund
             ... wielding a +0 scythe
              (4 damage)
             ... on level 3 of the Dungeon.
             The game lasted 00:00:09 (534 turns).

qw the Shooter (Deep Elf Hunter)                     Turns: 534, Time: 00:00:10

Health: -2/12      AC:  4    Str:  8    XL:     1   Next: 91%
Magic:  3/3        EV: 12    Int: 13    God:
Gold:   11         SH:  0    Dex: 18    Spells: 0/0 levels left

rFire   . . .        Y - +0 shortbow
rCold   . . .        (shield currently unavailable)
rNeg    . . .        c - +0 leather armour
rPois   .            (no helmet)
rElec   .            (no cloak)
rCorr   .            j - +0 pair of gloves
SInv    .            (no boots)
Will    .....        (no amulet)
Stlth   ++           (no ring)
HPRegen 0.22/turn    (no ring)
MPRegen 0.08/turn

%: no passive effects
@: no status effects
A: no striking features
a: no special abilities


You were on level 3 of the Dungeon.
You visited 1 branch of the dungeon, and saw 4 of its levels.

You collected 11 gold pieces.


   Skills:
 - Level 1.5 Fighting
 + Level 5.9 Ranged Weapons
 - Level 2.4 Dodging
 - Level 1.2 Stealth


You couldn't memorise any spells.
You didn't know any spells.
Your spell library was empty.

Inventory:

Hand Weapons
 Y - a +0 shortbow (weapon)
Armour
 c - a +0 leather armour (worn)
 j - a +0 pair of gloves (worn)
Potions
 d - a potion of mutation {unknown}
 e - a potion of might {unknown}
 f - a potion of haste

Dungeon Overview and Level Annotations

Branches:
Dungeon (4/15)
 Temple: D:4-7

Altars:

Annotations:
D:3 Sigmund


Message History

Enter note: Sigmund the Dreaded comes into view.
He is wielding a +0 scythe.
You shoot an arrow. The arrow hits Sigmund.
Sigmund shouts!
Sigmund is lightly wounded.
You hear a shout!
A hobgoblin comes into view.
You shoot an arrow.
The arrow hits Sigmund but does no damage.
Sigmund is lightly wounded.
An endoplasm comes into view.
You shoot an arrow. The endoplasm quivers.
The arrow hits Sigmund.
Sigmund is moderately wounded.
You shoot an arrow.
The arrow hits Sigmund but does no damage.
Sigmund is moderately wounded.
Sigmund hits you from afar with a +0 scythe.
You shoot an arrow. The arrow hits Sigmund.
Sigmund is heavily wounded.
Sigmund says, "Your kind have come here before.
I understand now why.
You desire death..."
Sigmund hits you from afar with a +0 scythe.
You shoot an arrow. The arrow closely misses Sigmund.
You shoot an arrow.
The arrow completely misses the hobgoblin.
The arrow hits Sigmund!
Sigmund is severely wounded.
Sigmund hits you from afar with a +0 scythe.
The hobgoblin hits you but does no damage.
The hobgoblin barely misses you.
You shoot an arrow. The arrow barely misses the hobgoblin.
The arrow closely misses Sigmund.
Sigmund casts a spell.
Sigmund flickers and vanishes!
Deactivating autopickup; reactivate with Ctrl-A.
The hobgoblin barely misses you.
You shoot an arrow. The arrow closely misses the hobgoblin.
Something hits you.
You die...

#........####....
#....#.###............
#....#...#.#######.... .
#....###.#....#...)...
..#....###.####.#.###...
....)..+................
#....{.###.#########....
#...Jg###.# #.... #@...#
##### #.#### #.# ..#
####


You could see an endoplasm and a hobgoblin.

Vanquished Creatures
  2 ball pythons (D:1)
  A giant cockroach (D:1)
  A goblin (D:3)
  A kobold (D:1)
  A bat (D:1)
  A rat (D:1)
7 creatures vanquished.

Notes
Turn   | Place    | Note
-------+----------+-------------------------------------------
     0 | D:1      | qw the Deep Elf Hunter began the quest for the Orb.
     0 | D:1      | Reached XP level 1. HP: 12/12 MP: 3/3
     0 | D:1      | 0 ||| qw: Version: 0.3-a-9-g12657ce
     0 | D:1      | 0 ||| qw: Game counter: 1744
     0 | D:1      | 0 ||| qw: Always use a shield: true
     0 | D:1      | 0 ||| qw: God list: Okawaru
     0 | D:1      | 0 ||| qw: Allow faded altars: false
     0 | D:1      | 0 ||| qw: Do Orc after D:15 true
     0 | D:1      | 0 ||| qw: Do second Lair branch before Depths: true
     0 | D:1      | 0 ||| qw: Lair rune preference: random
     0 | D:1      | 0 ||| qw: Plans: Normal
     0 | D:1      | 0 ||| PLANNING D:1-11
   397 | D:1      | 397 ||| UPGRADING to +0 pair of gloves.
   402 | D:1      | 402 ||| READING scroll labelled RASIEM ZOAXKE.
   403 | D:1      | 403 ||| READING scroll labelled LOTHRAD BEDOE.
   404 | D:1      | 404 ||| READING scroll labelled PEUPSO KAWAO.
   405 | D:1      | 405 ||| READING scroll labelled CYXTIRGHEOZ.
   426 | D:1      | 426 ||| DRINKING 2 silvery potions.
   427 | D:1      | 427 ||| DROPPING scroll of butterflies.
   446 | D:2      | You fall into a shaft and drop 2 floors!
   449 | D:4      | Noticed a hound
   450 | D:4      | 450 ||| FLEEEEING.
   451 | D:4      | 451 ||| STAIRDANCE
   525 | D:3      | Noticed Sigmund
   532 | D:3      | HP: 1/12 [Sigmund/+0 scythe (5)]
   534 | D:3      | Slain by Sigmund

Levels and vault maps discovered:
D:1:      minmay_arrival_five_plusses, layout_basic
D:2:      layout_loops_ring, uniq_natasha, uniq_jessica
D:3:      cheibrodos_pilgrimage, layout_basic, uniq_sigmund
D:4:      layout_rooms, nicolae_overflow_crystal_walls, serial_shops,
          nicolae_shop_tiny_real_fake_doors, hangedman_decor_peaks_small,
          minmay_crossroads

Action                     || total
---------------------------++-------
   Fire: Shortbow          ||    20
    Use: Scroll            ||     4
         Potion            ||     1
 Armour: Leather armour    ||     1
  Dodge: Dodged            ||     2

Table legend:
 A = Non-vault XP
 B = Vault XP
 C = Vault XP percentage of total XP
 D = Non-vault monster count
 E = Vault monster count
 F = Vault count percentage of total count
                 A         B        C        D         E       F
            +---------+---------+-------+---------+---------+-------
      Total |      11 |       0 |   0.0 |       7 |       0 |   0.0
            +---------+---------+-------+---------+---------+-------
        D:1 |       9 |       0 |   0.0 |       6 |       0 |   0.0
        D:3 |       2 |       0 |   0.0 |       1 |       0 |   0.0
            +---------+---------+-------+---------+---------+-------
